 Dungeon Crawl Stone Soup version 0.18-a0-739-gdae9da8 (webtiles) character file.

6983 HAL9000 the Carver (level 10, 0/83 HPs)
             Began as a Minotaur Fighter on Dec 10, 2015.
             Killed by Ozocubu's Refrigeration
             ... invoked by Fannar
              (12 damage)
             ... on level 11 of the Dungeon.
             The game lasted 00:23:45 (8667 turns).

HAL9000 the Carver (Minotaur Fighter)               Turns: 8667, Time: 00:23:45

Health: 0/83       AC: 15    Str: 25    XL:     10   Next: 81%
Magic:  9/9        EV: 13    Int:  5    God:
Gold:   618        SH: 14    Dex: 20    Spells: 0 memorised, 9 levels left

rFire  + . .     SeeInvis +     a - +0 long sword
rCold  . . .     Clarity  .     U - +1 chain mail {rF+}
rNeg   . . .     SustAt   .     c - +1 shield
rPois  .         Gourm    .     (helmet restricted)
rElec  .         Spirit   .     (no cloak)
rCorr  .         Dismiss  .     f - +0 pair of gloves
rMut   .         Stasis   .     O - +0 pair of boots
MR     .....                    (no amulet)
Stlth  ..........               z - +6 ring of dexterity
                                V - ring of see invisible

@: mighty, very slightly contaminated, hasted, very quick, not resistant to
hostile enchantments, extremely unstealthy
A: retaliatory headbutt, horns 2
a: no special abilities


You were on level 11 of the Dungeon.
You were hungry.

You visited 1 branch of the dungeon, and saw 11 of its levels.

You collected 618 gold pieces.

Inventory:

Hand Weapons
 a - a +0 long sword (weapon)
 Y - a +0 long sword of holy wrath
Armour
 c - a +1 shield (worn)
 f - a +0 pair of gloves (worn)
 O - a +0 pair of boots (worn)
 U - a +1 chain mail of fire resistance (worn)
Jewellery
 n - an uncursed ring of protection from fire
 z - a +6 ring of dexterity (right hand)
 M - an uncursed ring of protection from cold
 V - a ring of see invisible (left hand)
Wands
 F - a wand of disintegration (0)
 W - a wand of cold (0)
 X - a wand of confusion (16)
 Z - a wand of draining (0)
Scrolls
 g - 3 scrolls of identify
 k - a scroll of recharging
 l - 5 scrolls of fear
 s - 4 scrolls of magic mapping
 v - a scroll of enchant armour
 y - a scroll of amnesia
 E - 3 scrolls of remove curse
 H - a scroll of fog
 N - a scroll of teleportation
Potions
 m - 3 potions of cancellation
 p - a potion of magic
 q - 3 potions of cure mutation
 t - 3 potions of flight
 x - 2 potions of lignification
 I - 2 potions of agility
 J - a potion of invisibility {unknown}
 L - 2 potions of haste
 R - a potion of curing {unknown}
 S - a potion of degeneration {unknown}
Comestibles
 e - 8 bread rations
 h - 8 fruits
 j - 3 slices of pizza
 r - 7 meat rations
 P - 8 chunks of flesh
 Q - a beef jerky


   Skills:
 - Level 5.8 Fighting
 * Level 13.1 Long Blades
 + Level 8.9 Armour
 + Level 7.4 Dodging
 + Level 8.9 Shields


You had 9 spell levels left.
You didn't know any spells.

Dungeon Overview and Level Annotations

Branches:
Dungeon (11/15)            Temple (0/1) D:5            Lair (0/8) D:11
    Orc: D:9-12

Altars:
Cheibriados
Makhleb
Okawaru
Qazlal
Ru
Trog
Vehumet
Xom
The Shining One

Shops:
D:10 *[

Portals:
Sewer: D:5

Annotations:
D:11 Fannar


Innate Abilities, Weirdness & Mutations

You reflexively headbutt those who attack you in melee.
You have a pair of horns on your head.


Message History

The ice beast hits you.
* * * LOW HITPOINT WARNING * * *
The ice beast freezes you.
* * * LOW HITPOINT WARNING * * *
You block the ice beast's attack.
You slash the ice beast!
The ice beast is moderately wounded.
Fannar gestures wildly while chanting.
You block the ice beast's attack.
Your shield and chain mail prevent you from hitting the ice beast.
You headbutt the ice beast!
The ice beast is heavily wounded.
The ice beast barely misses you. You furiously retaliate!
You headbutt the ice beast. You barely miss the ice beast.
The ice beast is heavily wounded.
Fannar mumbles some strange words.
Fannar drains the heat from the surrounding environment!
You feel very cold.
You die...

###..#.รท.....>..(.....
>...###...P.........##
##.## ##..P..^.PP..#..
#.## ##.......(.####
##.## #####....[###
###.###.# ###.###
...#.#.## #.###########
##.##.## #...Y........
#....# ####@########
##.##.# #Y# ...##.# #e#
......# #Y# #.##### #.#
#.# #.# #.# #.#
#.######## ..#
#.<....... ###


You could see Fannar and 3 ice beasts.

Vanquished Creatures
  Harold (D:10)
  A hill giant (D:11)
  Psyche (D:10)
  An elephant (D:11)
  A troll (D:9)
  A two-headed ogre (D:8)
  A spriggan (D:8)
  A wyvern (D:10)
  A yak (D:11)
  A hippogriff (D:9)
  A hungry ghost (D:9)
  3 orc warriors
  2 black bears (D:7)
  An ice beast (D:10)
  4 sky beasts
  2 phantoms
  6 ogres
  A big kobold (D:10)
  2 giant frogs
  A gnoll sergeant (D:10)
  2 scorpions
  2 wights (D:8)
  10 killer bees
  3 centaur zombies
  A centaur skeleton (D:4)
  A crimson imp (D:10)
  6 hounds
  A quasit (D:8)
  5 giant frog skeletons
  A jelly (D:5)
  5 orc priests
  6 orc wizards
  Terence (D:2)
  6 worker ants
  2 sheep (D:11)
  A hound zombie (D:4)
  4 hound skeletons
  5 gnolls (D:10)
  7 adders
  5 shadow imps
  3 oozes
  2 adder zombies (D:5)
  2 worms
  An adder skeleton (D:7)
  3 giant geckos
  32 orcs
  4 bats
  5 giant cockroaches
  6 hobgoblins
  16 jackals
  4 quokkas
  3 ball pythons
  8 giant newts
  7 goblins
  13 kobolds
  7 rats
223 creatures vanquished.

Vanquished Creatures (others)
  An orc (D:10)
1 creature vanquished.

Grand Total: 224 creatures vanquished

Notes
Turn   | Place    | Note
--------------------------------------------------------------
     0 | D:1      | HAL9000 the Minotaur Fighter began the quest for the Orb.
     0 | D:1      | Reached XP level 1. HP: 19/19 MP: 0/0
    91 | D:1      | Reached XP level 2. HP: 22/27 MP: 1/1
   758 | D:2      | Noticed Terence
   767 | D:2      | Killed Terence
   767 | D:2      | Reached skill level 4 in Fighting
   767 | D:2      | Reached XP level 3. HP: 31/33 MP: 2/2
  1336 | D:3      | Reached XP level 4. HP: 39/41 MP: 3/3
  1479 | D:3      | Found an iron altar of Okawaru.
  1506 | D:3      | Reached skill level 5 in Long Blades
  1680 | D:4      | Reached XP level 5. HP: 37/47 MP: 4/4
  1764 | D:4      | Noticed an ogre
  1768 | D:4      | Killed an ogre
  1768 | D:4      | Reached skill level 5 in Fighting
  1768 | D:4      | Reached skill level 6 in Long Blades
  1861 | D:4      | Reached XP level 6. HP: 36/56 MP: 5/5
  2124 | D:4      | Reached skill level 7 in Long Blades
  2691 | D:5      | Entered Level 5 of the Dungeon
  2731 | D:5      | Found a staircase to the Ecumenical Temple.
  2819 | D:5      | Reached skill level 1 in Dodging
  2819 | D:5      | Reached XP level 7. HP: 44/62 MP: 6/6
  2911 | D:5      | Found a radiant altar of Vehumet.
  2965 | D:5      | Found a glowing drain.
  3007 | D:5      | Found a burning altar of Makhleb.
  3095 | D:5      | Reached skill level 8 in Long Blades
  3875 | D:6      | Found a shimmering altar of Xom.
  3875 | D:6      | Found a shimmering altar of Xom.
  3876 | D:6      | Found a shimmering altar of Xom.
  3876 | D:6      | Found a shimmering altar of Xom.
  3885 | D:6      | Found a shimmering altar of Xom.
  4022 | D:7      | Reached XP level 8. HP: 66/70 MP: 7/7
  4027 | D:7      | Found a bloodstained altar of Trog.
  4036 | D:7      | Reached skill level 9 in Long Blades
  4036 | D:7      | Reached skill level 5 in Armour
  4038 | D:7      | Reached skill level 5 in Shields
  4740 | D:7      | Found a glowing golden altar of the Shining One.
  4854 | D:7      | Reached skill level 10 in Long Blades
  5389 | D:8      | Noticed a two-headed ogre
  5397 | D:8      | Killed a two-headed ogre
  5397 | D:8      | Reached XP level 9. HP: 75/75 MP: 8/8
  5933 | D:8      | Found a stormy altar of Qazlal.
  5989 | D:8      | Reached skill level 5 in Dodging
  6003 | D:8      | Reached skill level 11 in Long Blades
  6264 | D:8      | Found a sacrificial altar of Ru.
  6265 | D:8      | Found a glowing golden altar of the Shining One.
  6265 | D:8      | Found a snail-covered altar of Cheibriados.
  6268 | D:8      | Found a stormy altar of Qazlal.
  6888 | D:10     | Entered Level 10 of the Dungeon
  6901 | D:10     | Noticed Harold
  6914 | D:10     | Killed Harold
  6914 | D:10     | Reached skill level 12 in Long Blades
  6914 | D:10     | Reached XP level 10. HP: 69/83 MP: 9/9
  7470 | D:10     | Found Puar's General Store.
  7495 | D:10     | Noticed Psyche
  7525 | D:10     | Killed Psyche
  8310 | D:10     | Found Bisam's Armour Boutique.
  8475 | D:11     | Noticed a hill giant
  8485 | D:11     | Killed a hill giant
  8496 | D:11     | Reached skill level 13 in Long Blades
  8502 | D:11     | Found a staircase to the Lair.
  8503 | D:11     | Noticed an elephant
  8515 | D:11     | Killed an elephant
  8617 | D:11     | Noticed Fannar
  8667 | D:11     | Killed from afar by Fannar

Vault maps used:
D:1:      dpeg_arrival_rhombi, minmay_misc_feat_x, serial_park_tiny_pond,
          corexii_item_surrounded_by_moat
D:2:      uniq_terence
D:3:      lemuel_statue_altar
D:4:      first_bread
D:5:      lemuel_upstairs_altar, old_standard_altar, kennysheep_mini_moat,
          minmay_temple_entry_grid, portal_sewer_entry_d
D:6:      xom_redecorated, hangedman_decor_points
D:7:      trog_ov_bears_minmay, tso_altar
D:8:      minitemple, the_bakery, nicolae_qazlal_style_of_elements
D:10:     serial_shops, shop, kennysheep_mini, uniq_harold, uniq_psyche
D:11:     kennysheep_seaside_town, david_lair_generic, david_orc_1_choice,
          uniq_fannar

Action                   |  1- 3 |  4- 6 |  7- 9 | 10-12 || total
-------------------------+-------+-------+-------+-------++-------
Melee: Long sword        |    94 |   165 |   329 |   203 ||   791
Evoke: Wand              |       |       |     8 |     1 ||     9
  Use: Scroll            |       |     5 |    17 |     1 ||    23
       Potion            |       |     1 |       |     5 ||     6
  Eat: Chunk             |     1 |     5 |    13 |     5 ||    24
       Fruit             |       |       |     1 |       ||     1
       Beef jerky        |       |       |     1 |       ||     1
